 Dungeon Crawl Stone Soup version 0.26-a0-291-g3d11bbfad5 (webtiles) character file.

Game seed: 15232932023324974100

231584 CertifiedHoMoMoment the Executioner (level 19, -5/179 HPs)
             Began as a Hill Orc Monk on July 14, 2020.
             Was the Champion of Beogh.
             Slain by a sixfirhy (9 damage)
             ... on level 3 of the Abyss.
             The game lasted 01:33:14 (48100 turns).

CertifiedHoMoMoment the Executioner (HOMo)         Turns: 48100, Time: 01:33:15

Health: -5/179     AC: 26    Str: 26      XL:     19   Next: 6%
Magic:  0/28       EV:  9    Int:  5 (6)  God:    Beogh [******]
Gold:   4642       SH: 21    Dex: 11      Spells: 18/18 levels left

rFire    x . .     SeeInvis .   W - +7 broad axe (freeze)
rCold    + + .     Faith    .   B - +0 tower shield
rNeg     + . .     Spirit   +   v - +5 plate armour {rC+}
rPois    +         Reflect  .   y - +2 helmet
rElec    .         Harm     .   I - +0 cloak
rCorr    .                      U - +0 pair of gloves
MR       .....                  S - +1 pair of boots
Stlth    ..........             X - amulet of guardian spirit
HPRegen  0.39/turn              P - ring of ice
MPRegen  0.21/turn              o - ring of Bimextiruca {rPois rN+ MP+9 Str+4 Dex+2}

@: vulnerable, studying Evocations
A: walk on water, [blurry vision 2], [clumsy 2], [deformed body], [deterioration
2], [dopey 2], [low mp 2], [screaming 2], [no potion heal 2]
}: 2/15 runes: barnacled, gossamer
a: Smiting, Recall Orcish Followers, Give Item to Named Follower, Resurrection,
Renounce Religion


You were on level 3 of the Abyss.
You worshipped Beogh.
Beogh was exalted by your worship.
You visited 6 branches of the dungeon, and saw 33 of its levels.
You visited the Abyss 1 time.
You also visited: Ossuary, Gauntlet and Ice Cave.

You collected 6672 gold pieces.
You spent 2030 gold pieces at shops.

Inventory:

Hand Weapons
 a - a +2 demon trident of freezing
 b - a +5 glaive
 H - a +5 war axe of freezing
 O - a +1 antimagic demon trident
 W - a +7 broad axe of freezing (weapon)
Armour
 t - the -2 hat of the Alchemist {rElec rPois rF+ rC+ rN+ MR+ rMut rCorr}
   (You found it in an ice cave)

   It protects you from fire.
   It protects you from cold.
   It insulates you from electricity.
   It protects you from poison.
   It protects you from negative energy.
   It affects your resistance to hostile enchantments.
   It provides partial protection from all sources of acid and corrosion.
   It protects you from mutation.
 v - a +5 plate armour of cold resistance (worn)
 y - a +2 helmet (worn)
 B - a +0 tower shield (worn)
 I - a +0 cloak (worn)
 S - a +1 pair of boots (worn)
 U - a +0 pair of gloves (worn)
Jewellery
 o - the ring of Bimextiruca (right hand) {rPois rN+ MP+9 Str+4 Dex+2}
   (You found it on level 1 of the Spider Nest)

   [ring of poison resistance]

   It affects your strength (+4).
   It affects your dexterity (+2).
   It protects you from poison.
   It protects you from negative energy.
   It affects your magic capacity (+9).
 q - an uncursed ring of see invisible
 K - an uncursed ring of protection from magic
 N - an uncursed ring of fire
 P - a ring of ice (left hand)
 X - an amulet of guardian spirit (around neck)
Wands
 d - a wand of random effects (86)
 j - a wand of enslavement (8)
 n - a wand of iceblast (27)
 w - a wand of flame (29)
 A - a wand of paralysis (27)
 C - a wand of polymorph (27)
 R - a wand of digging (10)
 V - a wand of acid (32)
Scrolls
 c - 9 scrolls of remove curse
 g - 21 scrolls of teleportation
 h - 11 scrolls of identify
 k - 8 scrolls of amnesia
 s - 2 scrolls of holy word
 D - 4 scrolls of fear
 Q - 7 scrolls of fog
 T - 12 scrolls of blinking
 Z - 3 scrolls of magic mapping
Potions
 e - a potion of berserk rage
 f - 4 potions of stabbing
 i - 9 potions of mutation
 l - 8 potions of haste
 p - 3 potions of invisibility {unknown}
 r - 5 potions of magic
 u - 9 potions of ambrosia
 x - 5 potions of lignification
 E - 5 potions of brilliance
 F - 2 potions of cancellation
 G - a potion of heal wounds
 J - 9 potions of flight
 L - 4 potions of resistance
 M - 15 potions of curing
Books
 m - a manual of Evocations


   Skills:
 + Level 18.1 Fighting
 + Level 22.1 Axes
 + Level 0.7 Throwing
 + Level 15.3 Armour
 + Level 6.7 Dodging
 - Level 2.3 Stealth
 + Level 16.5 Shields
 - Level 6.9 Invocations
 - Level 8.7 Evocations


You had 18 spell levels left.
You didn't know any spells.
Your spell library contained the following spells:

 Spells                   Type           Power        Failure   Level
 Animate Skeleton         Necr           #.....       100%        1
 Apportation              Tloc           #.....       100%        1
 Beastly Appendage        Tmut           #.....       100%        1
 Corona                   Hex            #......      100%        1
 Foxfire                  Conj/Fire      #...         100%        1
 Sandblast                Erth           #.....       100%        1
 Shock                    Conj/Air       #...         100%        1
 Sting                    Tmut/Pois      #...         100%        1
 Summon Small Mammal      Summ           #...         100%        1
 Blink                    Tloc           N/A          100%        2
 Call Imp                 Summ           #.......     100%        2
 Corpse Rot               Necr/Air       N/A          100%        2
 Passwall                 Tmut/Erth      #.......     100%        2
 Poisonous Vapours        Pois/Air       #.....       100%        2
 Shroud of Golubria       Chrm/Tloc      #.....       100%        2
 Slow                     Hex            #.......     100%        2
 Sticks to Snakes         Tmut           #.......     100%        2
 Sublimation of Blood     Necr           #.........   100%        2
 Swiftness                Chrm/Air       #.......     100%        2
 Call Canine Familiar     Summ           #.......     100%        3
 Confusing Touch          Hex            #.......     100%        3
 Conjure Flame            Conj/Fire      #.......     100%        3
 Gell's Gravitas          Tloc           #.........   100%        3
 Ignite Poison            Fire/Tmut/Pois #.......     100%        3
 Inner Flame              Hex/Fire       #.......     100%        3
 Lesser Beckoning         Tloc           #.........   100%        3
 Mephitic Cloud           Conj/Pois/Air  #.......     100%        3
 Portal Projectile        Hex/Tloc       #.....       100%        3
 Spider Form              Tmut/Pois      #.........   100%        3
 Static Discharge         Conj/Air       #.......     100%        3
 Stone Arrow              Conj/Erth      #.....       100%        3
 Summon Guardian Golem    Hex/Summ       #.......     100%        3
 Teleport Other           Tloc           #.......     100%        3
 Airstrike                Air            #.........   100%        4
 Cause Fear               Hex            #.........   100%        4
 Dispel Undead            Necr           #.......     100%        4
 Ice Form                 Ice/Tmut       #.......     100%        4
 Leda's Liquefaction      Hex/Erth       #.........   100%        4
 Olgreb's Toxic Radiance  Pois           #.......     100%        4
 Passage of Golubria      Tloc           N/A          100%        4
 Petrify                  Tmut/Erth      #.......     100%        4
 Sticky Flame             Conj/Fire      #.......     100%        4
 Summon Ice Beast         Ice/Summ       #.......     100%        4
 Summon Lightning Spire   Summ/Air       #.......     100%        4
 Agony                    Necr           #.......     100%        5
 Blade Hands              Tmut           #.........   100%        5
 Bolt of Magma            Conj/Fire/Erth #.........   100%        5
 Excruciating Wounds      Chrm/Necr      #.........   100%        5
 Fireball                 Conj/Fire      #.........   100%        5
 Iskenderun's Battlesphe  Conj/Chrm      #.......     100%        5
 Lee's Rapid Deconstruct  Erth           #.........   100%        5
 Lightning Bolt           Conj/Air       #.........   100%        5
 Metabolic Englaciation   Hex/Ice        #.........   100%        5
 Yara's Violent Unravell  Hex/Tmut       #.........   100%        5
 Iron Shot                Conj/Erth      #.........   100%        6
 Dragon Form              Tmut           #.........   100%        7
 Orb of Destruction       Conj           #.........   100%        7
 Spellforged Servitor     Conj/Summ      #.........   100%        7
 Dragon's Call            Summ           #.........   100%        9


Dungeon Overview and Level Annotations

Branches:
Dungeon (15/15)            Temple (0/1) D:5            Lair (6/6) D:9
 Shoals (4/4) Lair:4       Spider (4/4) Lair:3        Slime (0/5) Lair:5
    Orc (2/2) D:12            Elf (0/3) Orc:2        Vaults (2/5) D:14
  Crypt (0/3) Vaults:2     Depths (0/5) D:15        Ossuary (visited)
  IceCv (visited)         Gauntlet (visited)

Altars:
Cheibriados
Elyvilon
Fedhas
Kikubaaqudgha
Makhleb
Nemelex Xobeh
Okawaru
Vehumet
Wu Jian
Xom
Yredelemnul
The Shining One
Beogh
Jiyva

Shops:
D:5 **([   D:6 *   Orc:2 ?(}[**   Shoals:3 =   Vaults:2 ?

Portals:
Trove: Vaults:1 (give 2 scrolls of acquirement)

Annotations:
Lair:5 1 runed translucent door
Shoals:4 Nergalle


Innate Abilities, Weirdness & Mutations

You can walk on water.
[Scrolls take you longer to read.]
[You are very clumsy. (Dex -4)]
[Armour fits poorly on your strangely shaped body.]
[Your body often deteriorates upon taking damage.]
[You are very dopey. (Int -4)]
[Your magical capacity is very low. (-20% MP)]
[You sometimes yell uncontrollably at your foes.]
[Potions are poor at restoring your health.]


Message History

The phantasmal warrior hits you!!
* * * LOW HITPOINT WARNING * * *
Your magical defenses are stripped away!
The wretched star pulses with an eldritch light!
Your vision blurs. x2
Your system partially rejects the healing.
You feel much better.
You block the thrashing horror's attack. x2
You block the phantasmal warrior's attack.
The thrashing horror tramples you but does no damage.
You block the thrashing horror's attack.
You block the sixfirhy's attack. The smoke demon gestures at you.
Something smites you!
* * * LOW HITPOINT WARNING * * *
The thrashing horror roars!
You block the sixfirhy's attack. x2; The sixfirhy hits you.
* * * LOW HITPOINT WARNING * * *
The sixfirhy shocks you!
You die...

#...3... ....
##.....#.....
##...# #...#
##.## #.##
####.*.## .#
##.#5.3..#.....
#.#.X........
#..W3##..##..
#...@# ..# .#
#Z.......... .
.(..#..........
.#..##..##..##..
... ...# ..# ..
# .#..# .# #.##.
# # #


You could see a wretched star, a thrashing horror, a phantasmal warrior, a
sixfirhy, a smoke demon, a quasit and an iron dragon zombie.

Vanquished Creatures
  A profane servitor (Abyss:3)
  A ghost moth (Spider:4)
  A frost giant (IceCv)
  2 vault wardens
  5 ironheart preservers
  2 entropy weavers (Spider:1)
  3 dire elephants (Lair:6)
  3 spark wasps (Spider:4)
  2 merfolk javelineers (Shoals:4)
  Snorg (D:13)
  A merfolk impaler (Shoals:1)
  Josephine (D:15)
  3 ogre magi
  A yaktaur captain (Vaults:1)
  2 vault guards (Vaults:2)
  4 hydras
  An alligator snapping turtle (Shoals:1)
  A centaur warrior (D:14)
  A satyr (Shoals:2)
  A merfolk avatar (Shoals:3)
  3 merfolk aquamancers
  2 dancing weapons (D:14)
  14 two-headed ogres
  A queen ant (Gauntlet)
  Urug (D:11)
  2 death scarabs (Spider:4)
  A thrashing horror (Abyss:3)
  Sonja (Lair:3)
  A fire crab (shapeshifter) (Vaults:1)
  15 sea snakes
  A spatial maelstrom (Abyss:3)
  4 unseen horrors
  3 ironbrand convokers (Vaults:2)
  A wizard (Gauntlet)
  A deep elf archer (Vaults:2)
  A spectral wolf spider (Spider:4)
  3 harpies (Shoals:4)
  10 wolf spiders
  14 manticores
  8 orb spiders
  5 fauns (Shoals:2)
  18 ugly things
  6 deep elf magi
  A wolf spider zombie (Spider:4)
  2 orc sorcerers (Orc:2)
  5 cyclopes
  3 moths of wrath
  A cyclops (shapeshifter) (D:15)
  5 merfolk sirens
  3 water nymphs
  3 elephants (Lair:6)
  6 cane toads
  A smoke demon (Abyss:3)
  2 ice statues
  2 torpor snails (Spider:1)
  4 vault sentinels (Vaults:1)
  A kobold demonologist (D:14)
  4 komodo dragons
  3 centaur skeletons
  A spectral redback (Spider:4)
  9 demonic crawlers
  6 yaktaurs
  A rime drake (Lair:5)
  19 jumping spiders
  A spectral jumping spider (Spider:4)
  5 trolls
  A meliai (Lair:5)
  14 merfolk
  A wolf spider simulacrum (D:15)
  5 wind drakes
  2 spectral tarantellas (Spider:4)
  Grinder (D:4)
  13 polar bears
  A tarantella zombie (Spider:4)
  12 slime creatures
  6 blink frogs (Lair:4)
  9 hippogriffs
  2 hornets
  13 snapping turtles
  4 dream sheep (Shoals:2)
  9 water elementals
  2 centaur simulacra (Gauntlet)
  57 redbacks
  29 tarantellas
  2 shadows
  2 wraiths
  A wyvern (Lair:5)
  Grum (D:11)
  31 yaks
  4 vampire mosquitoes (D:12)
  A vampire (D:14)
  4 basilisks
  A harpy simulacrum (Gauntlet)
  3 wargs
  7 soldier ants
  11 water moccasins
  3 porcupines
  Duvessa (D:4)
  A floating eye (shapeshifter) (D:14)
  6 orc warriors
  A black bear (D:9)
  A phantom (D:6)
  2 sky beasts
  4 ice beasts
  A necrophage (D:9)
  2 hornet zombies (Spider:4)
  14 ogres
  19 wolves
  14 centaurs
  A centaur (shapeshifter) (D:13)
  5 crocodiles
  2 big kobolds
  13 bullfrogs
  A troll zombie (D:12)
  Dowan (D:4)
  A scorpion (D:11)
  11 wights
  14 killer bees
  4 electric eels (D:11)
  5 howler monkeys
  2 bullfrog zombies
  2 centaur zombies
  3 orc priests
  2 bullfrog skeletons
  5 jellies
  9 hounds
  3 human zombies (Ossuary)
  An iron imp (Abyss:3)
  Ijyb (D:3)
  An iguana (D:13)
  9 orc wizards
  6 worker ants
  4 hell rats (Lair:6)
  2 ogre zombies (D:12)
  A big kobold zombie (Ossuary)
  A hound zombie (D:5)
  A hound skeleton (D:7)
  6 mummies (Ossuary)
  6 gnolls
  11 adders
  A shadow imp (Gauntlet)
  9 white imps
  2 ufetubi
  9 oozes (D:4)
  3 adder skeletons
  4 worms (D:2)
  A dart slug (D:2)
  4 leopard geckos
  15 orcs
  8 bats
  3 giant cockroaches
  13 goblins
  9 hobgoblins
  5 jackals
  3 quokkas
  4 frilled lizards
  2 hobgoblin zombies (Ossuary)
  26 kobolds
  A kobold zombie (Ossuary)
  An orc skeleton (D:12)
  9 orc zombies (D:12)
  2 quokka skeletons
  A quokka zombie (D:5)
  9 rats
  A rat zombie (D:5)
  3 fungi (Lair:6)
  5 plants
846 creatures vanquished.

Vanquished Creatures (collateral kills)
  Rupert (D:15)
  Agnes (D:15)
  Donald (Spider:1)
  A frost giant (Shoals:4)
  Louise (D:15)
  2 ghost moths (Spider:4)
  3 emperor scorpions
  A deep elf sorcerer (Vaults:2)
  A vault warden (Vaults:1)
  An entropy weaver (Spider:4)
  A deep elf annihilator (Vaults:1)
  2 dire elephants (Lair:6)
  4 merfolk javelineers (Shoals:4)
  A vault guard (Vaults:2)
  5 hydras
  3 merfolk impalers (Shoals:4)
  Erolcha (Orc:2)
  An ice dragon (Lair:5)
  2 catoblepae (Lair:4)
  5 two-headed ogres
  2 merfolk aquamancers (Shoals:4)
  A death knight (D:14)
  An anaconda (Lair:6)
  5 ogre magi
  5 death yaks
  6 death scarabs (Spider:4)
  A deep elf knight (Vaults:1)
  3 sea snakes (Shoals:4)
  A wizard (Vaults:1)
  3 deep elf archers (Vaults:1)
  3 unseen horrors
  A wolf spider zombie (Spider:4)
  3 spectral wolf spiders (Spider:4)
  8 orb spiders
  An ironbrand convoker (Vaults:2)
  12 ugly things
  4 orc sorcerers (Orc:2)
  9 deep elf magi
  A harpy (Shoals:4)
  A salamander (D:15)
  2 oklob plants (Lair:1)
  5 manticores
  7 wolf spiders
  A cyclops (Orc:2)
  A moth of wrath (Spider:3)
  2 centaur zombies
  4 elephants (Lair:6)
  3 black mambas
  2 vault sentinels (Vaults:1)
  2 water nymphs (Shoals:4)
  6 cane toads
  A spectral redback (Spider:4)
  2 yaktaurs (Vaults:1)
  A rime drake (Lair:3)
  A redback zombie (D:14)
  A demonic crawler (Spider:2)
  4 komodo dragons
  A queen bee (Lair:5)
  8 merfolk (Shoals:4)
  2 polar bears (Lair:5)
  2 meliai (Lair:5)
  4 spectral jumping spiders (Spider:4)
  3 trolls
  11 jumping spiders
  A wind drake (Shoals:3)
  2 hornets (Spider:4)
  8 slime creatures
  2 spectral tarantellas (Spider:4)
  6 blink frogs
  8 hippogriffs
  3 snapping turtles (Shoals:4)
  2 tarantella zombies (Spider:4)
  7 tarantellas
  20 redbacks
  6 wraiths
  A shadow (D:14)
  A water elemental (Shoals:4)
  12 yaks
  2 basilisks
  3 wargs
  An acid dragon (D:14)
  5 water moccasins
  2 porcupines
  3 orc warriors
  An eye of draining (D:11)
  2 ice beasts (Lair:5)
  3 phantoms
  6 ogres
  7 wolves
  2 crocodiles
  2 bullfrogs
  2 troll zombies (D:12)
  18 killer bees
  5 wights
  3 electric eels
  A lava snake (Lair:5)
  A quasit (D:11)
  2 orc priests
  A jelly (D:5)
  9 orc wizards
  2 centaur skeletons
  An iguana (D:7)
  3 hell rats (Lair:6)
  3 worker ants
  An ogre zombie (D:12)
  A hound zombie (D:9)
  An adder (D:11)
  A shadow imp (D:9)
  11 white imps
  10 orcs
  A jackal (D:11)
  3 kobolds (D:14)
  A goblin zombie (D:12)
  A hobgoblin skeleton (D:12)
  A hobgoblin zombie (D:12)
  2 orc skeletons (D:12)
  4 orc zombies (D:12)
  A bush (Lair:2)
  13 fungi
  15 plants
421 creatures vanquished.

Vanquished Creatures (others)
  An orc warlord (Vaults:1)
  Nergalle (Shoals:4)
  2 orc high priests (Shoals:4)
  7 orc knights
  3 orc sorcerers
  A tarantella (Spider:2)
  10 orc warriors
  10 orc priests
  24 orc wizards
  38 orcs
  4 fungi
  3 plants
  11 toadstools (D:4)
115 creatures vanquished.

Grand Total: 1382 creatures vanquished

Notes
Turn   | Place    | Note
-------+----------+-------------------------------------------
     0 | D:1      | CertifiedHoMoMoment the Hill Orc Monk began the quest for
                  | the Orb.
     0 | D:1      | Reached XP level 1. HP: 19/19 MP: 1/1
   560 | D:1      | Reached XP level 2. HP: 27/27 MP: 2/2
  1052 | D:1      | Reached XP level 3. HP: 33/33 MP: 3/3
  2293 | D:2      | Found an ornate altar of the Wu Jian Council.
  2309 | D:2      | Reached skill level 5 in Axes
  2309 | D:2      | Reached XP level 4. HP: 30/40 MP: 4/4
  3793 | D:2      | Found a sparkling altar of Nemelex Xobeh.
  3793 | D:2      | Found an iron altar of Okawaru.
  4385 | D:3      | Reached XP level 5. HP: 18/47 MP: 5/5
  4407 | D:3      | Noticed Ijyb
  4409 | D:3      | Became a worshipper of Beogh the Brigand
  4409 | D:3      | Reached * piety under Beogh
  4409 | D:3      | Reached ** piety under Beogh
  4467 | D:3      | Killed Ijyb
  4467 | D:3      | Reached skill level 6 in Axes
  4898 | D:3      | Reached skill level 1 in Armour
  4898 | D:3      | Reached XP level 6. HP: 43/53 MP: 6/6
  5480 | D:4      | Noticed Grinder
  5577 | D:4      | Paralysed by Grinder for 6 turns
  5587 | D:4      | Killed Grinder
  5587 | D:4      | Reached skill level 5 in Fighting
  5587 | D:4      | Reached skill level 7 in Axes
  5587 | D:4      | Reached XP level 7. HP: 45/61 MP: 7/7
  6094 | D:4      | Noticed Duvessa
  6095 | D:4      | Noticed Dowan
  6116 | D:4      | Killed Dowan
  6126 | D:4      | HP: 3/61 [Duvessa/+0 short sword (3)]
  6127 | D:4      | Killed Duvessa
  6127 | D:4      | Reached skill level 8 in Axes
  6460 | D:4      | Reached XP level 8. HP: 50/69 MP: 8/8
  6829 | D:4      | Reached *** piety under Beogh
  7635 | D:5      | Entered Level 5 of the Dungeon
  7731 | D:5      | Found Locye's Assorted Antiques.
  7742 | D:5      | Reached skill level 9 in Axes
  7827 | D:5      | Found a sand-covered staircase.
  7843 | Ossuary  | Entered an ossuary
  8278 | Ossuary  | Reached skill level 5 in Armour
  8447 | Ossuary  | Reached skill level 10 in Axes
  8508 | D:5      | Found a staircase to the Ecumenical Temple.
  8611 | D:5      | Found a glowing golden altar of the Shining One.
  8616 | D:5      | Reached **** piety under Beogh
  8617 | D:5      | Found Juipruol's General Store.
  8618 | D:5      | Found a burning altar of Makhleb.
  8660 | D:5      | Found Qugreci's Antique Armour Shop.
  8666 | D:5      | Bought a kite shield for 112 gold pieces
  8796 | D:5      | Found Sickecae's Antique Weapon Shoppe.
  8839 | D:5      | Bought a tower shield for 112 gold pieces
  8863 | D:5      | Found Sownotue's Assorted Antiques.
  9053 | D:6      | Found Wuisoapsi's Elemental Accessories.
  9108 | D:6      | Reached XP level 9. HP: 76/78 MP: 9/9
  9199 | D:6      | Found a blossoming altar of Fedhas.
  9390 | D:6      | Found a white marble altar of Elyvilon.
  9478 | D:6      | Reached skill level 1 in Shields
  9498 | D:6      | Reached skill level 11 in Axes
  9630 | D:6      | Found a snail-covered altar of Cheibriados.
 11083 | D:8      | Noticed a troll
 11092 | D:8      | Killed a troll
 11092 | D:8      | Reached skill level 12 in Axes
 11583 | D:9      | Reached skill level 1 in Invocations
 11592 | D:9      | Reached XP level 10. HP: 78/88 MP: 9/11
 11603 | D:9      | Found a shimmering altar of Xom.
 11646 | D:9      | Found a staircase to the Lair.
 11842 | D:9      | Killed an unseen horror
 11853 | D:9      | Noticed a four-headed hydra
 11858 | D:9      | Killed a four-headed hydra
 11858 | D:9      | Reached skill level 13 in Axes
 11960 | D:9      | Noticed a two-headed ogre
 11965 | D:9      | Killed a two-headed ogre
 12732 | D:10     | Entered Level 10 of the Dungeon
 13275 | D:11     | Reached skill level 5 in Invocations
 13276 | D:11     | Reached XP level 11. HP: 90/95 MP: 14/14
 13361 | D:11     | Reached skill level 5 in Dodging
 13384 | D:11     | Reached skill level 14 in Axes
 13502 | D:11     | Noticed Grum
 13510 | D:11     | Killed Grum
 13545 | D:11     | Noticed a cyclops
 13557 | D:11     | Killed a cyclops
 13635 | D:11     | Killed a purple ugly thing
 13635 | D:11     | Gained Agrik as an ally
 13675 | D:11     | Noticed Urug
 13698 | D:11     | Killed Urug
 13698 | D:11     | Reached skill level 5 in Shields
 14621 | D:12     | Reached ***** piety under Beogh
 14855 | D:12     | Killed an unseen horror
 14913 | D:12     | Found a burning altar of Makhleb.
 14973 | D:12     | Noticed a two-headed ogre
 14978 | D:12     | Killed a two-headed ogre
 15043 | D:12     | Noticed a cyclops
 15045 | D:12     | Found a staircase to the Orcish Mines.
 15050 | D:12     | Gained Harm as an ally
 15051 | D:12     | Killed a cyclops
 15060 | D:12     | Reached skill level 15 in Axes
 15347 | D:12     | Reached skill level 10 in Fighting
 15698 | D:12     | Reached XP level 12. HP: 106/106 MP: 17/17
 16033 | Lair:1   | Entered Level 1 of the Lair of Beasts
 16290 | Lair:1   | Gained Morun as an ally
 16912 | Lair:1   | Identified a scroll of acquirement
 16925 | Lair:1   | Acquired 1910 gold pieces
 18095 | Lair:3   | Noticed a death yak
 18097 | Lair:3   | Noticed a death yak
 18097 | Lair:3   | Noticed a death yak
 18097 | Lair:3   | Noticed a death yak
 18104 | Lair:3   | Your ally Morun died
 18106 | Lair:3   | Killed a death yak
 18109 | Lair:3   | Killed a death yak
 18113 | Lair:3   | Killed a death yak
 18113 | Lair:3   | Reached skill level 16 in Axes
 18115 | Lair:3   | Killed a death yak
 18531 | Lair:3   | Found a hole to the Spider Nest.
 18917 | Lair:3   | Noticed a seven-headed hydra
 18918 | Lair:3   | Noticed Sonja
 18921 | Lair:3   | Killed a seven-headed hydra
 18926 | Lair:3   | Killed Sonja
 19683 | Lair:4   | Reached XP level 13. HP: 96/115 MP: 18/18
 19760 | Lair:4   | Found a staircase to the Shoals.
 19769 | Lair:4   | Reached skill level 10 in Armour
 20048 | Lair:4   | Reached skill level 17 in Axes
 21545 | Lair:5   | Noticed an ice dragon
 21556 | Lair:5   | Killed an ice dragon
 21869 | Lair:5   | Found a runed translucent door.
 21877 | Lair:5   | Found a viscous altar of Jiyva.
 21877 | Lair:5   | Noticed an acid blob
 21878 | Lair:5   | Noticed an acid blob
 21879 | Lair:5   | Found a staircase to the Slime Pits.
 22085 | Lair:5   | Reached skill level 18 in Axes
 22499 | Lair:6   | Entered Level 6 of the Lair of Beasts
 22556 | Lair:6   | Reached ****** piety under Beogh
 22607 | Lair:6   | Found a frozen archway.
 22617 | IceCv    | Entered an ice cave
 22680 | IceCv    | Reached XP level 14. HP: 90/126 MP: 19/19
 23235 | IceCv    | Noticed a frost giant
 23255 | IceCv    | Killed a frost giant
 23260 | IceCv    | Reached skill level 10 in Shields
 23278 | IceCv    | Found the -2 hat of the Alchemist {rElec rPois rF+ rC+ rN+
                  | MR+ rMut rCorr}
 24833 | Lair:6   | Noticed a dire elephant
 24833 | Lair:6   | Noticed a dire elephant
 24840 | Lair:6   | Killed a dire elephant
 24844 | Lair:6   | Killed a dire elephant
 24929 | Lair:6   | Noticed a dire elephant
 24933 | Lair:6   | Noticed a dire elephant
 24937 | Lair:6   | Killed a dire elephant
 24937 | Lair:6   | Reached skill level 1 in Evocations
 24942 | Lair:6   | Killed a dire elephant
 24952 | Lair:6   | Noticed a dire elephant
 24958 | Lair:6   | Killed a dire elephant
 25237 | D:13     | Found a gate leading to a gauntlet.
 25257 | Gauntlet | Entered a Gauntlet
 25257 | Gauntlet | Found a runed translucent gate.
 25257 | Gauntlet | Found a transporter.
 25257 | Gauntlet | Found a transporter.
 25257 | Gauntlet | Found a transporter.
 25323 | Gauntlet | Found a transporter.
 25324 | Gauntlet | Found a transporter.
 25325 | Gauntlet | Found a runed translucent gate.
 25326 | Gauntlet | Found a runed translucent gate.
 25327 | Gauntlet | Found a transporter.
 25333 | Gauntlet | Found a transporter.
 25336 | Gauntlet | Found a transporter.
 25336 | Gauntlet | Found a transporter.
 25338 | Gauntlet | Found a transporter.
 25346 | Gauntlet | Found a transporter.
 25349 | Gauntlet | Found a transporter.
 25699 | Gauntlet | HP: 4/129 [minotaur/+2 morningstar of protection (16)]
 25736 | Gauntlet | Identified Resalyag's Compendium of Talismans
 26145 | D:13     | Noticed Snorg
 26160 | D:13     | Killed Snorg
 26196 | D:13     | Gained Brandogh as an ally
 26211 | D:13     | Reached skill level 19 in Axes
 26241 | D:13     | Your ally Brandogh died
 27171 | D:14     | Gained Oruk as an ally
 27438 | D:14     | Reached XP level 15. HP: 104/136 MP: 20/20
 27923 | D:14     | Reached skill level 5 in Evocations
 27998 | D:14     | Found a gate to the Vaults.
 28530 | D:15     | Entered Level 15 of the Dungeon
 28572 | D:15     | Noticed Josephine
 28581 | D:15     | Killed Josephine
 29182 | D:15     | Noticed Agnes
 29197 | D:15     | Killed Agnes
 29364 | D:15     | Noticed Louise
 29376 | D:15     | Killed Louise
 29677 | D:15     | Found a staircase to the Depths.
 29882 | D:15     | Noticed Rupert
 29906 | D:15     | Killed Rupert
 30211 | Orc:1    | Entered Level 1 of the Orcish Mines
 30385 | Orc:2    | Entered Level 2 of the Orcish Mines
 30385 | Orc:2    | Found Nebloe's Assorted Antiques.
 30409 | Orc:2    | Found Bablauli's General Store.
 30437 | Orc:2    | Found a staircase to the Elven Halls.
 30474 | Orc:2    | Bought a scroll of enchant armour for 90 gold pieces
 30525 | Orc:2    | Bought a scroll of enchant weapon for 210 gold pieces
 30596 | Orc:2    | Paralysed by an orc sorcerer for 3 turns
 30609 | Orc:2    | Gained Gorm as an ally
 30750 | Orc:2    | Found Panoynt's Antique Weapon Shop.
 30763 | Orc:2    | Found an ancient bone altar of Kikubaaqudgha.
 30764 | Orc:2    | Noticed Nergalle
 30772 | Orc:2    | Gained Hawl as an ally
 30780 | Orc:2    | Noticed Erolcha
 30787 | Orc:2    | Killed Erolcha
 30795 | Orc:2    | Found a radiant altar of Vehumet.
 30820 | Orc:2    | Found Elotest's Antique Armour Boutique.
 30828 | Orc:2    | Bought a jewelled cloak for 209 gold pieces
 30838 | Orc:2    | Identified the cursed -5 cloak of Love and Death {-Cast
                  | rPois rC++ rCorr} (You bought it in a shop on level 2 of
                  | the Orcish Mines)
 31099 | Orc:2    | Found a roughly hewn altar of Beogh.
 31099 | Orc:2    | Found Qyss's Magic Scroll Boutique.
 31100 | Orc:2    | Found Cuanatuh's Gadget Shop.
 31103 | Orc:2    | Paralysed by an orc sorcerer for 5 turns
 31144 | Orc:2    | Bought a scroll of acquirement for 728 gold pieces
 31144 | Orc:2    | Acquired 1190 gold pieces
 31146 | Orc:2    | Bought a scroll of teleportation for 42 gold pieces
 31146 | Orc:2    | Bought a scroll of identify for 28 gold pieces
 31146 | Orc:2    | Bought a scroll of enchant weapon for 105 gold pieces
 31146 | Orc:2    | Bought a scroll of teleportation for 42 gold pieces
 31146 | Orc:2    | Bought a scroll of identify for 28 gold pieces
 32031 | Spider:1 | Entered Level 1 of the Spider Nest
 32043 | Spider:1 | Gained Oreg as an ally
 32064 | Spider:1 | Your ally Oreg died
 32255 | Spider:1 | Got a brightly glowing turquoise ring
 32406 | Spider:1 | Reached XP level 16. HP: 120/147 MP: 21/21
 32770 | Spider:1 | Identified the +4 kite shield of Happy Babbling {Harm +Inv
                  | rC- Dex+5}
 32770 | Spider:1 | Noticed Donald
 32778 | Spider:1 | Killed Donald
 33852 | Spider:1 | Gained Bladwarg as an ally
 33880 | Spider:1 | Reached skill level 15 in Fighting
 35999 | Spider:4 | Entered Level 4 of the Spider Nest
 36340 | Spider:4 | Gained Boruk as an ally
 36347 | Spider:4 | Reached skill level 20 in Axes
 36377 | Spider:4 | Your ally Boruk died
 37172 | Spider:4 | Reached XP level 17. HP: 105/157 MP: 0/22
 37456 | Spider:4 | Your ally Hawl died
 37472 | Spider:4 | Your ally Bladwarg died
 37489 | Spider:4 | Got a gossamer rune of Zot
 38679 | Shoals:1 | Entered Level 1 of the Shoals
 40676 | Shoals:2 | Reached skill level 15 in Shields
 41576 | Shoals:3 | Identified the ring of Bimextiruca {rPois rN+ MP+9 Str+4
                  | Dex+2} (You found it on level 1 of the Spider Nest)
 41782 | Shoals:3 | Found Wenwi's Jewellery Shop.
 42836 | Shoals:4 | Entered Level 4 of the Shoals
 43130 | Shoals:4 | Gained Wardok as an ally
 43136 | Shoals:4 | Reached skill level 21 in Axes
 43699 | Shoals:4 | Your ally died
 43720 | Shoals:4 | Your ally Gorm died
 43775 | Shoals:4 | Your ally Wardok died
 43776 | Shoals:4 | Reached XP level 18. HP: 39/168 MP: 15/23
 44142 | Shoals:4 | Got a barnacled rune of Zot
 45062 | Shoals:4 | Got a brightly glowing platinum ring
 45064 | Shoals:4 | Identified the ring "Iwnef" {*Tele Int+4 SInv} (You found
                  | it on level 4 of the Shoals)
 45671 | Vaults:1 | Entered Level 1 of the Vaults
 45918 | Vaults:1 | Your ally Harm died
 46408 | Vaults:1 | Reached skill level 15 in Armour
 46428 | Vaults:1 | Noticed a lich
 46946 | Vaults:1 | Found a portal to a secret trove of treasure.
 47273 | Vaults:2 | Found Ruibboeci's Magic Scroll Boutique.
 47279 | Vaults:2 | Bought a scroll of enchant weapon for 135 gold pieces
 47279 | Vaults:2 | Bought a scroll of magic mapping for 63 gold pieces
 47279 | Vaults:2 | Bought a scroll of magic mapping for 63 gold pieces
 47279 | Vaults:2 | Bought a scroll of magic mapping for 63 gold pieces
 47441 | Vaults:2 | Found a staircase to the Crypt.
 47441 | Vaults:2 | Found a basalt altar of Yredelemnul.
 47441 | Vaults:2 | Found an ancient bone altar of Kikubaaqudgha.
 47868 | Vaults:2 | Reached skill level 22 in Axes
 47952 | Vaults:2 | Noticed a Tzitzimitl
 47954 | Vaults:2 | Cast into level 3 of the Abyss (a deep elf demonologist)
 47980 | Abyss:3  | Noticed a profane servitor
 48009 | Abyss:3  | Killed a profane servitor
 48009 | Abyss:3  | Reached XP level 19. HP: 145/179 MP: 24/24
 48099 | Abyss:3  | HP: 7/179 [smoke demon/divine providence (14)]
 48100 | Abyss:3  | Slain by a sixfirhy

Illustrated notes

Levels and vault maps discovered:
D:1:      noname_arrival_rooms_in_the_neighbourhood, layout_basic
D:2:      layout_basic, lemuel_round_altar, gammafunk_temple_overflow_pools,
          st_stairs_6
D:3:      minmay_spotlight, layout_basic, uniq_ijyb
D:4:      cheibrodos_fertilizer, layout_layer_cave, uniq_duvessa, uniq_grinder
D:5:      layout_basic, chequers_temple_overflow_statue_of_worship,
          minmay_temple_entry_glass, serial_shops, shop_statue,
          nicolae_shop_trees, nicolae_shop_behind_doors, shop_fountains, shop,
          enter_ossuary_4, minivault_14
D:6:      layout_basic, nicolae_overflow_crystal_walls, basic_altar,
          nicolae_elemental_shop, fedhas_altar_1
D:7:      layout_basic
D:8:      layout_basic
D:9:      layout_loops_cross, lair_entry_dummy, basic_altar,
          hangedman_corner_corridor
D:10:     layout_roguey, serial_corexii_hall, corexii_hall_statues_l,
          corexii_hall_statues_i
D:11:     layout_roguey, disabler_island, uniq_grum, uniq_urug
D:12:     layout_irregular_city, zombieorc1_lemuel, basic_altar
D:13:     layout_stronghold, gauntlet_entry_generic, uniq_snorg
D:14:     layout_roguey, erik_vaults_1, minivault_26
D:15:     hangedman_depths_entry_try_elsewhere_first, layout_loops_ring,
          ebering_dispersal_statue_hall, uniq_agnes, uniq_rupert, uniq_louise,
          uniq_josephine
Lair:1:   layout_gridlike, grunt_megastairs_5, serial_bayou_shore_a,
          minmay_lair_oklob_chamber
Lair:2:   layout_loops_ring, small_statue_intersection, grunt_megastairs_3,
          infiniplex_staircase_pool_2
Lair:3:   layout_small_grid, dummy_spider_entry, uniq_sonja
Lair:4:   nzn_motion_control, layout_misc_corridors, minmay_shoals_entry_hut
Lair:5:   regret_index_combs_of_tragedy, layout_gridlike, slime_altar_2,
          ice2_lemuel
Lair:6:   due_jungle_book, layout_regular_city, portal_ice_cave_entry_imps,
          grunt_megastairs_2, lemuel_fruit_tree
Shoals:1: cheibrodos_shoals_epimethial_gifts, layout_shoals,
          nicolae_shoals_arrival_archipelago
Shoals:2: layout_shoals
Shoals:3: layout_shoals, serial_shops, nicolae_shop_trees,
          nicolae_shoals_circle_sea_wall
Shoals:4: shoals_end_grunt_ice, layout_shoals
Spider:1: layout_chambers, uniq_donald
Spider:2: layout_spider_delve, drop_trap
Spider:3: layout_spider_delve, drop_trap
Spider:4: floodkiller_spider_rune_tomb
Orc:1:    layout_caves, nooodl_orcs_dogs
Orc:2:    kennysheep_orc_mage_school, layout_caves, serial_shops, shop, shop,
          elves_outpost_lemuel
Vaults:1: hangedman_vaults_restitches, nicolae_vaults_alarming, v_alt_pattern_3,
          hangedman_vaults_maws, vaults_mumra_hexcomb,
          hangedman_vaults_stitches, nicolae_vaults_little_squares_1,
          grunt_vaults_funnel, grunt_vaults_diagonal, vaults_room_semicircle,
          nicolae_vaults_little_squares_4, nicolae_vaults_specimen_jars,
          layout_vaults_ring, nicolae_trove_entry_columns
Vaults:2: v_alt_pattern_1, grunt_vaults_hallway_long, st_hourglassy,
          minmay_crypt_entry_necro_gods, v_rooms_1, ontoclasm_vaults_ring_small,
          vaults_dpeg_ring, serial_ice_b, grunt_vaults_twisty,
          layout_vaults_omnigrid, serial_shops, nicolae_shop_stone, shop, shop
Abyss:3:  base: D:8, hangedman_abyss_exit_choices, minivault_1,
          hangedman_abyss_rune_macabre_mess, small_statue_intersection,
          minivault_5, hangedman_classic_abyss_death

Skill      XL: |  1  2  3  4  5  6  7  8  9 10 11 12 13 14 15 16 17 18 |
---------------+-------------------------------------------------------+-----
Fighting       | 4 5 6 7 8 10 12 13 14 15 16 18 | 18.1
Stealth        | 2 |  2.3
Axes           | 5 6 7 8 10 12 13 15 16 18 19 20 21 22 | 22.1
Dodging        | 3 4 5 6 |  6.7
Armour         | 1 2 4 5 6 7 8 9 11 12 13 14 15 | 15.3
Shields        | 2 4 6 7 9 11 12 14 15 16 | 16.5
Invocations    | 1 5 6 |  6.9
Evocations     | 4 8 |  8.7
Throwing       | |  0.7

Action                   |  1- 3 |  4- 6 |  7- 9 | 10-12 | 13-15 | 16-18 | 19-21 || total
-------------------------+-------+-------+-------+-------+-------+-------+-------++-------
Melee: Hand axe          |   145 |   239 |   406 |       |       |       |       ||   790
       War axe           |       |       |    56 |   168 |       |       |       ||   224
       Broad axe         |       |       |       |   230 |   952 |  1148 |    11 ||  2341
Throw: Stone             |       |    18 |     4 |       |       |       |       ||    22
Invok: Convert to Beogh  |       |     1 |       |       |       |       |       ||     1
       Smiting           |       |       |       |     8 |     7 |       |       ||    15
       Give Item to Name |       |       |       |     2 |       |       |       ||     2
       Recall Orcish Fol |       |       |       |       |     5 |     4 |       ||     9
Evoke: Wand              |       |       |       |    12 |     3 |       |       ||    15
  Use: Scroll            |       |     3 |     2 |    28 |    17 |     7 |       ||    57
       Potion            |       |     4 |       |       |     8 |     3 |     2 ||    17
 Stab: Sleeping          |    10 |     2 |     1 |       |       |       |       ||    13
       Distracted        |       |       |     1 |     5 |     7 |     8 |       ||    21
       Confused          |       |       |       |       |     1 |       |       ||     1
       Paralysed         |       |       |       |       |       |     8 |       ||     8
Armor: Robe              |    18 |    17 |       |       |       |       |       ||    35
       Quicksilver drago |       |    59 |   138 |    83 |       |       |       ||   280
       Plate armour      |       |       |    59 |       |   252 |   628 |    44 ||   983
       Chain mail        |       |       |       |   106 |   262 |       |       ||   368
Dodge: Dodged            |    99 |   142 |   198 |   103 |   153 |   237 |    21 ||   953
Block: Kite shield       |       |       |    58 |    38 |       |       |       ||    96
       Tower shield      |       |       |       |   237 |   769 |  1035 |    86 ||  2127

Table legend:
 A = Non-vault XP
 B = Vault XP
 C = Vault XP percentage of total XP
 D = Non-vault monster count
 E = Vault monster count
 F = Vault count percentage of total count
                 A         B        C        D         E       F
            +---------+---------+-------+---------+---------+-------
      Total |  191088 |  130373 |  40.6 |     788 |     440 |  35.8
            +---------+---------+-------+---------+---------+-------
        D:1 |      47 |       0 |   0.0 |      29 |       0 |   0.0
        D:2 |     127 |       1 |   0.8 |      25 |       1 |   3.8
        D:3 |     202 |      47 |  18.9 |      26 |       5 |  16.1
        D:4 |     369 |     649 |  63.8 |      13 |      21 |  61.8
        D:5 |     455 |       2 |   0.4 |      13 |       2 |  13.3
        D:6 |    1351 |       0 |   0.0 |      21 |       0 |   0.0
        D:7 |     243 |       0 |   0.0 |      11 |       0 |   0.0
        D:8 |     710 |       0 |   0.0 |       7 |       0 |   0.0
        D:9 |    2561 |    1469 |  36.5 |      27 |       4 |  12.9
       D:10 |     497 |       0 |   0.0 |       3 |       0 |   0.0
       D:11 |    3827 |    1367 |  26.3 |      35 |       9 |  20.5
       D:12 |    3654 |     627 |  14.6 |      21 |      28 |  57.1
       D:13 |    5290 |    1068 |  16.8 |      34 |       1 |   2.9
       D:14 |    7137 |    1808 |  20.2 |      35 |       2 |   5.4
       D:15 |    7642 |    7805 |  50.5 |      18 |      12 |  40.0
     Lair:1 |     575 |    1641 |  74.1 |       7 |       9 |  56.2
     Lair:2 |    1597 |     268 |  14.4 |      11 |       3 |  21.4
     Lair:3 |    6247 |     814 |  11.5 |      18 |       1 |   5.3
     Lair:4 |    3688 |    2190 |  37.3 |      15 |       5 |  25.0
     Lair:5 |    5396 |    9054 |  62.7 |      25 |      64 |  71.9
     Lair:6 |   12661 |    3180 |  20.1 |      45 |      21 |  31.8
   Shoals:1 |    6135 |    4874 |  44.3 |      16 |       7 |  30.4
   Shoals:2 |   14274 |       0 |   0.0 |      32 |       0 |   0.0
   Shoals:3 |    6727 |       0 |   0.0 |      16 |       0 |   0.0
   Shoals:4 |    8744 |   16259 |  65.0 |      24 |      34 |  58.6
   Spider:1 |   22612 |    1722 |   7.1 |      73 |       1 |   1.4
   Spider:2 |   11435 |       0 |   0.0 |      42 |       0 |   0.0
   Spider:3 |    6013 |       0 |   0.0 |      20 |       0 |   0.0
   Spider:4 |    7572 |   27493 |  78.4 |      31 |      71 |  69.6
      Orc:1 |     640 |     622 |  49.3 |       9 |       7 |  43.8
      Orc:2 |    1725 |    8130 |  82.5 |      16 |      26 |  61.9
   Vaults:1 |   15697 |   20715 |  56.9 |      32 |      34 |  51.5
   Vaults:2 |   19338 |    6025 |  23.8 |      33 |       8 |  19.5
    Abyss:3 |    5900 |       0 |   0.0 |       5 |       0 |   0.0
    Ossuary |       0 |     309 | 100.0 |       0 |      14 | 100.0
      IceCv |       0 |    9090 | 100.0 |       0 |      36 | 100.0
   Gauntlet |       0 |    3144 | 100.0 |       0 |      14 | 100.0
            +---------+---------+-------+---------+---------+-------
